AoeStats
← 騷護士

Arena

509672271Analyzed
4v4 RM · 6d ago on Sep 27, 2026· 53m 41s· 8 players
Game mode
Random Map
Map size
Large (8 player)
Population
200
Speed
Normal
Resources
Standard
Victory
Conquest
Starting age
Dark Age
Ending age
Imperial Age
RankedLock teamsTeams togetherTeam positionsShared explorationLock speedFull tech treeHidden civsTurbo modeCheats
Victory
Defeat
1593
+15
🇹🇼 Tupi · Taiwan
1591
+15
🇨🇳 Persians · China
1589
+15
1580
+15
🇦🇷 Bohemians · Argentina
1633
-17
🇹🇼 Danes · Taiwan
1584
-16
🇬🇧 Koreans · United Kingdom
1533
-14
🇭🇰 Saxons · Hong Kong SAR China
1509
-13
[韓粉戰隊] 鋼鐵韓粉
10:02 Feudal Age
14:03 Castle Age
11:52 Double-Bit Axe
12:22 Horse Collar
15:15 Bow Saw
20:23 Scale Barding Armor
20:13 Gold Mining
22:11 Gold Shaft Mining
22:13 Husbandry
25:45 Stone Mining
26:54 Wheelbarrow
26:06 Town Watch
26:06 Loom
26:57 Chain Barding Armor
31:25 Imperial Age
29:54 Scale Mail Armor
30:07 Forging
30:48 Man-at-Arms
31:29 Squires
31:49 Chain Mail Armor
32:10 Iron Casting
31:53 Hand Cart
31:40 Heavy Plow
31:50 Long Swordsman
32:33 Legionary
34:04 Comitatenses
35:01 Blast Furnace
34:46 Crop Rotation
36:07 Conscription
38:06 Guilds
38:59 Caravan
39:18 Fletching
40:06 Plate Barding Armor
42:07 Plate Barding Armor
40:54 Light Cavalry
41:44 Bloodlines
42:30 Masonry
47:36 Architecture
49:11 Bodkin Arrow
49:37 Ballistics
50:17 Chemistry
49:23 Siege Engineers
騷護士
8:37 Feudal Age
6:52 Loom
14:36 Castle Age
12:57 Double-Bit Axe
15:28 Wheelbarrow
20:52 Horse Collar
22:57 Bow Saw
23:57 Gold Mining
24:01 Stone Mining
29:41 Imperial Age
27:28 Fletching
28:49 Bodkin Arrow
29:10 Hand Cart
28:59 Heavy Plow
30:02 Ballistics
29:38 Murder Holes
29:24 Treadmill Crane
32:00 Hoardings
32:54 Two-Man Saw
32:31 Gold Shaft Mining
35:15 Bracer
35:15 Padded Archer Armor
37:00 Conscription
37:57 Chemistry
39:36 Leather Archer Armor
38:52 Elite Blackwood Archer
41:01 Ring Archer Armor
41:42 Curare
44:10 Coinage
52:06 Curare
53:31 Banking
啥牌子的
10:18 Feudal Age
14:17 Castle Age
12:15 Double-Bit Axe
12:37 Horse Collar
15:04 Bow Saw
15:57 Heavy Plow
19:03 Loom
20:00 Wheelbarrow
19:45 Town Watch
22:06 Hand Cart
23:57 Gold Mining
24:34 Loom
28:01 Imperial Age
26:01 Stone Mining
26:34 Scale Barding Armor
26:41 Forging
27:16 Forging
27:36 Chain Barding Armor
27:59 Husbandry
28:11 Bloodlines
29:06 Plate Barding Armor
29:05 Crop Rotation
29:36 Two-Man Saw
29:18 Iron Casting
29:22 Elite War Elephant
31:24 Blast Furnace
31:58 Conscription
34:43 Fletching
35:05 Citadels
37:23 Bodkin Arrow
42:15 Caravan
45:28 Coinage
46:22 Banking
46:03 Guilds
47:11 Light Cavalry
52:47 Town Patrol
[韓粉戰隊] 台北庶民
10:52 Feudal Age
14:37 Castle Age
13:54 Double-Bit Axe
13:50 Horse Collar
15:30 Bow Saw
22:49 Wheelbarrow
25:55 Heavy Plow
28:55 Hand Cart
33:11 Imperial Age
30:28 Loom
31:52 Chemistry
31:41 Fortified Wall
32:37 Padded Archer Armor
37:21 Houfnice
40:48 Fervor
40:42 Devotion
41:13 Leather Archer Armor
41:06 Wagenburg Tactics
41:23 Elite Skirmisher
42:52 Fletching
43:31 Bodkin Arrow
45:11 Hussite Reforms
45:30 Conscription
46:17 Block Printing
46:14 Redemption
47:24 Sanctity
47:34 Illumination
47:46 Theocracy
48:27 Bracer
49:30 Ring Archer Armor
49:02 Scale Mail Armor
49:43 Pikeman
50:24 Squires
50:42 Caravan
53:13 Atonement
53:59 Chain Mail Armor
Locke
1:46 Loom
10:44 Feudal Age
12:21 Double-Bit Axe
12:16 Horse Collar
14:44 Castle Age
12:42 Double-Bit Axe
13:01 Horse Collar
15:51 Bow Saw
20:42 Wheelbarrow
21:24 Gold Mining
22:52 Hand Cart
23:20 Heavy Plow
24:16 Fortified Wall
23:55 Treadmill Crane
24:16 Loom
24:27 Town Watch
24:48 Stone Mining
25:35 Gold Shaft Mining
28:30 Imperial Age
27:31 Fletching
29:01 Ballistics
28:58 Masonry
29:38 Siege Engineers
29:38 Heavy Rocket Cart
31:30 Chemistry
31:15 Architecture
32:01 Fortified Wall
32:11 Bodkin Arrow
33:25 Arrowslits
35:03 Two-Man Saw
35:13 Conscription
34:56 Eupseong
34:55 Crossbowman
35:41 Thumb Ring
35:37 Bracer
35:28 Arbalester
40:50 Elite Skirmisher
46:46 Caravan
onon02122
10:05 Feudal Age
11:31 Double-Bit Axe
14:05 Castle Age
11:53 Horse Collar
15:17 Bow Saw
15:44 Heavy Plow
21:09 Gold Mining
22:12 Wheelbarrow
23:37 Hand Cart
24:21 Gold Shaft Mining
24:09 Loom
24:32 Stone Mining
24:48 Town Watch
25:05 Scale Mail Armor
25:15 Forging
26:13 Chain Mail Armor
26:15 Town Patrol
26:29 Squires
26:26 Gambesons
26:02 Pikeman
29:53 Imperial Age
27:43 Arson
29:01 Iron Casting
28:17 Fletching
28:18 Treadmill Crane
30:11 Halberdier
30:36 Capped Ram
32:17 Plate Mail Armor
32:21 Conscription
32:33 Shield Wall
35:14 Bodkin Arrow
37:35 Two-Man Saw
37:08 Crop Rotation
39:12 Bracer
39:20 Siege Engineers
40:15 Chemistry
39:36 Ballistics
39:26 Masonry
43:04 Padded Archer Armor
45:07 Architecture
48:57 Onager
康寶羊
10:24 Feudal Age
14:29 Castle Age
12:43 Double-Bit Axe
12:59 Horse Collar
15:27 Bow Saw
15:18 Heavy Plow
19:39 Fervor
22:48 Loom
27:29 Loom
32:08 Wheelbarrow
33:07 Scale Mail Armor
33:17 Forging
36:43 Imperial Age
33:45 Pikeman
34:25 Squires
36:02 Redemption
36:03 Scale Mail Armor
36:13 Forging
36:04 Squires
37:20 Chemistry
37:23 Padded Archer Armor
37:23 Houfnice
38:27 Leather Archer Armor
38:23 Heavy Plow
39:58 Ring Archer Armor
43:01 Siege Engineers
44:19 Conscription
44:05 Wagenburg Tactics
44:53 Block Printing
44:32 Elite Skirmisher
45:03 Fletching
45:38 Ballistics
46:21 Bombard Tower
46:08 Halberdier
47:35 Hussite Reforms
47:37 Bodkin Arrow
Danatis
5:08 Loom
10:48 Feudal Age
11:59 Double-Bit Axe
12:17 Horse Collar
15:28 Castle Age
16:40 Bow Saw
17:20 Wheelbarrow
18:00 Heavy Plow
21:21 Gold Mining
21:21 Stone Mining
23:03 Hand Cart
23:16 Scale Mail Armor
23:38 Town Watch
24:25 Chain Mail Armor
24:55 Forging
25:12 Squires
25:50 Gambesons
28:32 Iron Casting
31:55 Imperial Age
29:19 Pikeman
32:27 Gold Shaft Mining
32:27 Stone Shaft Mining
32:13 Onager
34:11 Plate Mail Armor
34:05 Conscription
35:33 Blast Furnace
33:56 Siege Onager
36:34 Elite Jomsviking
39:15 Ballistics
40:08 Siege Engineers
40:40 Arson
40:16 Pikeman
42:51 Chemistry
41:32 Halberdier
41:40 Capped Ram
43:15 Siege Ram
46:09 Coinage
47:28 Redemption
47:34 Block Printing
47:54 Theocracy
48:27 Hamask
49:40 Man-at-Arms
51:56 Caravan
Connection lost

Rejoining the realm…

Still unreachable

The connection could not be restored.

Session expired

The server has moved on; the page needs a fresh start.